 Dungeon Crawl Stone Soup version 0.30-a0-756-gc2185399d4 (webtiles) character file.

Game seed: 16870008128641216183

7859 ZomBoFoB the Thaumaturge (level 11, -6/86 HPs)
             Began as a Gnoll Warper on Feb 9, 2023.
             Was a Priest of Makhleb.
             Killed from afar by a swamp worm (12 damage)
             ... with a harpoon shot
             ... in a Gauntlet.
             The game lasted 01:43:07 (8271 turns).

ZomBoFoB the Thaumaturge (Gnoll Warper)             Turns: 8271, Time: 01:43:08

Health: -6/86      AC: 18    Str: 12      XL:     11   Next: 21%
Magic:  23/23      EV:  5    Int: 22      God:    Makhleb [***...]
Gold:   463        SH: 10    Dex:  7 (9)  Spells: 5/26 levels left

rFire   + + .      SeeInvis .    R - +3 demon whip (venom)
rCold   . . .      Faith    .    j - +2 kite shield {reflect}
rNeg    + . .      Spirit   .    q - +4 shadow dragon scales of Privacy {rF++ Stlth++++}
rPois   +          Reflect  +    (no helmet)
rElec   .          Harm     .    E - +1 cloak {rPois}
rCorr   .          Rampage  .    e - +0 pair of gloves
Will    +....      NoTele   +    i - +1 pair of boots
Stlth   ++++                     (no amulet)
HPRegen 0.34/turn                n - ring of positive energy
MPRegen 0.18/turn                A - +6 ring of intelligence

@: no status effects
A: fangs 1, strong nose, distributed training, clumsy 1, deformed body,
strong-willed 1, mutation resistance 1
a: Renounce Religion, Minor Destruction, Lesser Servant of Makhleb


You were in a Gauntlet.
You worshipped Makhleb.
Makhleb was most pleased with you.
You visited 3 branches of the dungeon, and saw 11 of its levels.
You also visited: Sewer and Gauntlet.

You collected 463 gold pieces.

Inventory:

Hand Weapons
 R - a +3 demon whip of venom (weapon)
Missiles
 d - 10 boomerangs of dispersal
 s - 12 poisoned darts (quivered)
 G - 4 throwing nets
 M - 6 silver boomerangs
 N - 9 boomerangs
Armour
 e - a +0 pair of gloves (worn)
 i - a +1 pair of boots (worn)
 j - a +2 kite shield of reflection (worn)
 q - the +4 shadow dragon scales of Privacy (worn) {rF++ Stlth++++}
   (You found it in a Gauntlet)

   rF:        It greatly protects you from fire.
   Stlth:     It makes you much more stealthy.
 y - a +1 scale mail of cold resistance
 E - a +1 cloak of poison resistance (worn)
 K - +0 steam dragon scales
Magical Staves
 F - a staff of conjuration
Jewellery
 b - a ring of protection from cold
 m - a ring of fire
 n - a ring of positive energy (left hand)
 A - a +6 ring of intelligence (right hand)
Wands
 L - a wand of flame (4)
Scrolls
 a - a scroll of vulnerability {unknown}
 c - 2 scrolls of blinking
 f - a scroll of enchant weapon
 k - 3 scrolls of teleportation
 o - a scroll of magic mapping
 v - 2 scrolls of fog
 B - 2 scrolls of butterflies
 I - 2 scrolls of amnesia
 Q - a scroll of immolation
Potions
 g - 2 potions of curing
 h - 2 potions of brilliance
 l - 2 potions of cancellation
 p - a potion of magic {unknown}
 r - 2 potions of resistance
 t - a potion of invisibility
 u - 2 potions of haste
 w - 2 potions of might
 x - 2 potions of lignification
 z - 2 potions of attraction {unknown}
 C - 3 potions of flight


   Skills:
 + Level 7.9 Fighting
 + Level 6.3 Short Blades
 + Level 6.3 Long Blades
 + Level 6.3 Axes
 + Level 6.3 Maces & Flails
 + Level 7.9 Polearms
 + Level 6.3 Staves
 + Level 6.3 Ranged Weapons
 + Level 6.9 Throwing
 + Level 6.9 Armour
 + Level 7.9 Dodging
 + Level 6.3 Stealth
 + Level 6.3 Shields
 + Level 6.3 Unarmed Combat
 + Level 8.1 Spellcasting
 + Level 5.2 Conjurations
 + Level 5.2 Hexes
 + Level 5.2 Summonings
 + Level 5.2 Necromancy
 + Level 7.6 Translocations
 + Level 5.2 Transmutations
 + Level 5.2 Fire Magic
 + Level 5.2 Ice Magic
 + Level 5.2 Air Magic
 + Level 5.2 Earth Magic
 + Level 5.2 Poison Magic
 + Level 6.9 Invocations
 + Level 6.3 Evocations


You had 5 spell levels left.
You knew the following spells:

 Your Spells              Type           Power      Damage    Failure   Level
a - Sandblast             Erth           64%        2d14      52%         1
b - Stone Arrow           Conj/Erth      64%        3d11      88%         3
c - Teleport Other        Tloc           42%        N/A       56%         3
d - Vhi's Electric Charg  Tloc/Air       74%        N/A       73%         3
e - Blink                 Tloc           84%        N/A       34%         2
f - Manifold Assault      Tloc           42%        N/A       92%         4
g - Lesser Beckoning      Tloc           84%        N/A       34%         2
h - Swiftness             Air            32%        N/A       88%         3

Your spell library contained the following spells:

 Spells                   Type           Power      Damage    Failure   Level
 Ensorcelled Hibernation  Hex/Ice        64%        N/A       67%         2
 Passwall                 Tmut/Erth      26%        N/A       67%         2
 Summon Forest            Summ/Tloc      18%        N/A       100%        5
 Dispersal                Tloc           21%        N/A       100%        6
 Eringya's Noxious Bog    Tmut/Pois      16%        N/A       100%        6
 Summon Hydra             Summ           16%        N/A       100%        7
 Disjunction              Tloc           21%        N/A       100%        8


Dungeon Overview and Level Annotations

Branches:
Dungeon (9/15)             Temple (1/1) D:6            Lair (1/5) D:9
  Sewer (visited)         Gauntlet (1/1)
    Orc: D:9-12

Altars:
Ashenzari
Cheibriados
Dithmenos
Elyvilon
Fedhas
Gozag
Hepliaklqana
Kikubaaqudgha
Makhleb
Nemelex Xobeh
Qazlal
Ru
Sif Muna
Trog
Uskayaw
Wu Jian
Xom
Yredelemnul
Zin
The Shining One

Shops:
D:5 :   D:9 !

Annotations:
Gauntlet 3 runed translucent doors, 9 transporters


Innate Abilities, Weirdness & Mutations

You have very sharp teeth.
Your uncanny sense of smell can sniff out nearby items.
Your experience applies equally to all skills.
You are clumsy. (Dex -2)
Armour fits poorly on your strangely shaped body.
You are strong-willed. (Will+)
You are somewhat resistant to further mutation.


Message History

Okay, then.
Unknown command.
Press: ? - help, v - describe, . - travel The floor.
Okay, then.
Okay, then.
Okay, then.
Okay, then.
As you read the scroll of fog, it crumbles to dust.
The scroll dissolves into smoke.
The swamp worm bites you!
The swamp worm attacks as you move away!
The swamp worm bites you.
The swamp worm attacks as you move away!
The swamp worm barely misses you.
The swamp worm fires a harpoon shot at you.
The harpoon shot hits you.
You are yanked forward by the harpoon shot.
The swamp worm bites you!
* * * LOW HITPOINT WARNING * * *
The swamp worm attacks as you move away!
You block the swamp worm's attack.
The hell hound barks!
The swamp worm fires a harpoon shot at you.
Your +2 kite shield of reflection reflects the harpoon shot!
The harpoon shot misses the swamp worm.
The swamp worm fires a harpoon shot at you.
The harpoon shot misses you.
You see here a potion of invisibility.
t - a potion of invisibility The swamp worm fires a harpoon shot at you.
The harpoon shot misses you.
The swamp worm bites you but does no damage.
The swamp worm attacks as you move away!
The swamp worm bites you!
* * * LOW HITPOINT WARNING * * *
The swamp worm bites you.
* * * LOW HITPOINT WARNING * * *
The swamp worm fires a harpoon shot at you.
The harpoon shot hits you!
You die...

...#((.##..#...#.#.#.#.#...#..###
.∩.#.......#.⌠.#ZZ.#ZZ.#.⌠.#.....
...#########...#########...######
.⌠.....#.....⌠.#.........⌠.#.....
...#########...#########...######
.∩.#hR#.##E#.⌠.#§§§§§.w#.⌠.#y....
...##○##.☼##...#§w§§##.#...#y....
#..###h.#E##.⌠.#§w§§##.#.⌠.###+##
##.#h°#©##h#©.©#@###§§.#©.©#©.+..
#≈.##h##.h######.###§§.#######+.#
≈≈.###E.#.##...#}###§#.#...#.(#.#
#≈.#EE#.##.#.⌠.#.......#.⌠.#$.#..
##.#########...#########...######
#≈...............................
≈≈≈#≈≈≈#≈≈≈#≈≈≈#≈≈≈#≈≈≈#≈≈≈#≈≈≈#≈
#≈###≈###≈###≈###≈###≈###≈###≈###
## ### ### ### ### ### ### ### #


You could see 2 swamp worms, 2 fire elementals and 2 hell hounds.

Vanquished Creatures
  A tengu warrior (D:9)
  A soul eater (D:8)
  Amaemon (D:8)
  Pikel (D:8)
  An orange demon (D:8)
  A red devil (D:9)
  Prince Ribbit (D:5)
  2 ynoxinuls (D:9)
  6 yaks (D:9)
  A wyvern (D:9)
  2 basilisks (D:9)
  3 steam dragons
  A chaos spawn (D:9)
  A neqoxec (D:9)
  Edmund (D:5)
  An ice beast (D:7)
  2 orc warriors (D:8)
  2 black bears (D:6)
  An ogre (D:5)
  A centaur (D:7)
  A phantom (D:5)
  A gnoll sergeant (D:6)
  3 kobold brigands
  5 bullfrogs
  2 necrophages
  3 scorpions
  3 crimson imps (D:6)
  7 howler monkeys
  3 quasits
  2 jellies
  2 hounds (D:5)
  An orc priest (D:5)
  Crazy Yiuf (D:5)
  Terence (D:2)
  3 orc wizards
  11 adders
  3 gnolls (D:6)
  2 river rats (Sewer)
  4 white imps
  An ufetubus (D:6)
  4 worms
  4 dart slugs
  23 orcs
  8 bats
  5 endoplasms
  4 giant cockroaches
  7 goblins
  5 hobgoblins
  6 jackals
  25 kobolds
  7 quokkas
  11 ball pythons
  9 frilled lizards
  A goblin zombie (D:6)
  A hobgoblin zombie (D:6)
  A kobold zombie (D:6)
  2 orc skeletons (D:6)
  7 rats
220 creatures vanquished.

Vanquished Creatures (others)
  2 demonic plants (D:9)
  6 fungi
  5 plants (Sewer)
  A withered plant (Gauntlet)
14 creatures vanquished.

Grand Total: 234 creatures vanquished

Notes
Turn   | Place    | Note
-------+----------+-------------------------------------------
     0 | D:1      | ZomBoFoB the Gnoll Warper began the quest for the Orb.
     0 | D:1      | Reached XP level 1. HP: 20/20 MP: 6/6
   118 | D:1      | Reached XP level 2. HP: 24/26 MP: 7/7
   121 | D:1      | Learned a level 2 spell: Blink
   124 | D:1      | Learned a level 2 spell: Lesser Beckoning
   360 | D:1      | Reached skill level 5 in Spellcasting
   360 | D:1      | Reached XP level 3. HP: 31/31 MP: 7/9
   491 | D:1      | Reached skill level 1 in Invocations
   615 | D:2      | Learned a level 3 spell: Teleport Other
   619 | D:2      | Learned a level 3 spell: Vhi's Electric Charge
   764 | D:2      | Reached skill level 1 in Short Blades
   764 | D:2      | Reached skill level 1 in Long Blades
   764 | D:2      | Reached skill level 1 in Axes
   764 | D:2      | Reached skill level 1 in Maces & Flails
   764 | D:2      | Reached skill level 1 in Staves
   764 | D:2      | Reached skill level 1 in Ranged Weapons
   764 | D:2      | Reached skill level 1 in Stealth
   764 | D:2      | Reached skill level 1 in Shields
   764 | D:2      | Reached skill level 1 in Unarmed Combat
   764 | D:2      | Reached skill level 1 in Evocations
   780 | D:2      | Noticed Terence
   810 | D:3      | Found a faded altar of an unknown god.
  1005 | D:3      | Reached XP level 4. HP: 36/38 MP: 7/11
  1035 | D:3      | Reached skill level 1 in Conjurations
  1035 | D:3      | Reached skill level 1 in Hexes
  1035 | D:3      | Reached skill level 1 in Summonings
  1035 | D:3      | Reached skill level 1 in Necromancy
  1035 | D:3      | Reached skill level 1 in Transmutations
  1035 | D:3      | Reached skill level 1 in Fire Magic
  1035 | D:3      | Reached skill level 1 in Ice Magic
  1035 | D:3      | Reached skill level 1 in Air Magic
  1035 | D:3      | Reached skill level 1 in Earth Magic
  1035 | D:3      | Reached skill level 1 in Poison Magic
  1184 | D:3      | Found a shadowy altar of Dithmenos.
  1184 | D:3      | Found a basalt altar of Yredelemnul.
  1257 | D:3      | Found a glowing drain.
  1269 | Sewer    | Entered a sewer
  1296 | Sewer    | Learned a level 1 spell: Sandblast
  1356 | Sewer    | Reached XP level 5. HP: 43/43 MP: 10/12
  1379 | Sewer    | Noticed a kobold brigand
  1386 | Sewer    | Killed a kobold brigand
  1622 | Sewer    | Reached XP level 6. HP: 40/50 MP: 13/13
  1849 | Sewer    | Gained mutation: You are partially covered in iridescent
                  | scales. (AC +2) [potion of mutation]
  1849 | Sewer    | Gained mutation: You are agile. (Dex +4, Str/Int -1)
                  | [potion of mutation]
  1850 | Sewer    | Lost mutation: You are partially covered in iridescent
                  | scales. (AC +2) [potion of mutation]
  1850 | Sewer    | Lost mutation: You are agile. (Dex +4, Str/Int -1) [potion
                  | of mutation]
  1850 | Sewer    | Gained mutation: Your natural rate of healing is unusually
                  | fast. [potion of mutation]
  1850 | Sewer    | Gained mutation: You have sharp toenails. [potion of
                  | mutation]
  1850 | Sewer    | Gained mutation: Your spells are a little easier to cast,
                  | but a little less powerful. [potion of mutation]
  1851 | Sewer    | Lost mutation: Your spells are a little easier to cast, but
                  | a little less powerful. [potion of mutation]
  1851 | Sewer    | Lost mutation: Your natural rate of healing is unusually
                  | fast. [potion of mutation]
  1851 | Sewer    | Gained mutation: You are vulnerable to cold. (rC-) [potion
                  | of mutation]
  1851 | Sewer    | Gained mutation: You occasionally lose the ability to drink
                  | potions when taking damage. [potion of mutation]
  1851 | Sewer    | Gained mutation: You have a pair of small horns on your
                  | head. [potion of mutation]
  1851 | Sewer    | Gained mutation: Your muscles are strong. (Str +4, Int/Dex
                  | -1) [potion of mutation]
  1852 | Sewer    | Lost mutation: You have sharp toenails. [potion of
                  | mutation]
  1852 | Sewer    | Lost mutation: You occasionally lose the ability to drink
                  | potions when taking damage. [potion of mutation]
  1852 | Sewer    | Gained mutation: You are clumsy. (Dex -2) [potion of
                  | mutation]
  1853 | Sewer    | Lost mutation: Your muscles are strong. (Str +4, Int/Dex
                  | -1) [potion of mutation]
  1853 | Sewer    | Lost mutation: You are clumsy. (Dex -2) [potion of
                  | mutation]
  1853 | Sewer    | Lost mutation: You are vulnerable to cold. (rC-) [potion of
                  | mutation]
  1853 | Sewer    | Gained mutation: Your spells are a little easier to cast,
                  | but a little less powerful. [potion of mutation]
  2358 | D:4      | Reached skill level 5 in Fighting
  2358 | D:4      | Reached skill level 5 in Polearms
  2358 | D:4      | Reached skill level 5 in Dodging
  2401 | D:4      | Found a broken altar of Ashenzari.
  2522 | D:5      | Entered Level 5 of the Dungeon
  2541 | D:4      | Found a burning altar of Makhleb.
  2545 | D:4      | Became a worshipper of Makhleb the Destroyer
  2590 | D:4      | Found an opulent altar of Gozag.
  2913 | D:2      | Killed Terence
  2978 | D:2      | Reached XP level 7. HP: 42/56 MP: 15/15
  3343 | D:5      | Noticed Prince Ribbit
  3357 | D:5      | Killed Prince Ribbit
  3384 | D:5      | Noticed Edmund
  3470 | D:5      | Found Girohebioreo's Book Shop.
  3704 | D:5      | Reached XP level 8. HP: 63/63 MP: 13/16
  3738 | D:5      | Found a runed translucent door.
  3739 | D:5      | Noticed Crazy Yiuf
  3767 | D:5      | Killed Crazy Yiuf
  3866 | D:5      | Reached skill level 6 in Spellcasting
  3895 | D:5      | Killed Edmund
  3955 | D:5      | Learned a level 4 spell: Manifold Assault
  3959 | D:5      | Learned a level 3 spell: Stone Arrow
  4294 | D:6      | Reached * piety under Makhleb
  4393 | D:6      | Found a sparkling altar of Nemelex Xobeh.
  4412 | D:6      | Found a staircase to the Ecumenical Temple.
  4417 | Temple   | Entered the Ecumenical Temple
  5012 | D:6      | Found a shimmering altar of Xom.
  5032 | D:6      | Reached XP level 9. HP: 69/69 MP: 18/18
  5176 | D:6      | Found a glowing golden altar of the Shining One.
  5445 | D:7      | Found a stormy altar of Qazlal.
  5464 | D:7      | Lost mutation: Your spells are a little easier to cast, but
                  | a little less powerful. [potion of mutation]
  5464 | D:7      | Lost mutation: You have a pair of small horns on your head.
                  | [potion of mutation]
  5464 | D:7      | Gained mutation: You are somewhat resistant to further
                  | mutation. [potion of mutation]
  5503 | D:7      | Reached skill level 5 in Throwing
  5503 | D:7      | Reached skill level 5 in Armour
  5521 | D:7      | Reached ** piety under Makhleb
  5593 | D:7      | You fall into a shaft and drop 2 floors!
  5657 | D:9      | Noticed a red devil
  5702 | D:9      | Found Qucosmu's Distillery.
  5757 | D:9      | Noticed a tengu warrior
  5768 | D:9      | Noticed a soul eater
  5794 | D:8      | Noticed Amaemon
  5794 | D:8      | Noticed an orange demon
  5830 | D:8      | Reached skill level 5 in Invocations
  5997 | D:8      | Noticed Pikel
  6082 | D:8      | Killed Pikel
  6083 | D:8      | Reached skill level 7 in Spellcasting
  6188 | D:8      | Reached skill level 5 in Short Blades
  6188 | D:8      | Reached skill level 5 in Long Blades
  6188 | D:8      | Reached skill level 5 in Axes
  6188 | D:8      | Reached skill level 5 in Maces & Flails
  6188 | D:8      | Reached skill level 5 in Staves
  6188 | D:8      | Reached skill level 5 in Ranged Weapons
  6188 | D:8      | Reached skill level 5 in Stealth
  6188 | D:8      | Reached skill level 5 in Shields
  6188 | D:8      | Reached skill level 5 in Unarmed Combat
  6188 | D:8      | Reached skill level 5 in Evocations
  6188 | D:8      | Reached XP level 10. HP: 77/77 MP: 5/20
  6211 | D:8      | Killed an orange demon
  6533 | D:7      | Found a sacrificial altar of Ru.
  6726 | D:8      | Killed Amaemon
  6844 | D:9      | Gained mutation: You are clumsy. (Dex -2) [a neqoxec]
  6849 | D:9      | Gained mutation: You are strong-willed. (Will+) [a neqoxec]
  6851 | D:9      | Gained mutation: Armour fits poorly on your strangely
                  | shaped body. [a neqoxec]
  6964 | D:8      | Killed a soul eater
  7241 | D:9      | Found a hazy altar of Hepliaklqana.
  7652 | D:9      | HP: 1/79 [tengu warrior/+2 long sword (12)]
  7691 | D:9      | Killed a tengu warrior
  7692 | D:9      | Reached skill level 5 in Conjurations
  7692 | D:9      | Reached skill level 5 in Hexes
  7692 | D:9      | Reached skill level 5 in Summonings
  7692 | D:9      | Reached skill level 5 in Necromancy
  7692 | D:9      | Reached skill level 5 in Transmutations
  7692 | D:9      | Reached skill level 5 in Fire Magic
  7692 | D:9      | Reached skill level 5 in Ice Magic
  7692 | D:9      | Reached skill level 5 in Air Magic
  7692 | D:9      | Reached skill level 5 in Earth Magic
  7692 | D:9      | Reached skill level 5 in Poison Magic
  7692 | D:9      | Reached XP level 11. HP: 14/85 MP: 19/22
  7870 | D:9      | Reached skill level 8 in Spellcasting
  7899 | D:9      | Reached *** piety under Makhleb
  7980 | D:9      | Found a staircase to the Lair.
  8056 | Lair:1   | Entered Level 1 of the Lair of Beasts
  8061 | Lair:1   | Found a gate leading to a gauntlet.
  8084 | Gauntlet | Entered a Gauntlet
  8084 | Gauntlet | Found a runed translucent gate.
  8084 | Gauntlet | Found a transporter.
  8084 | Gauntlet | Found a runed translucent gate.
  8084 | Gauntlet | Found a runed translucent gate.
  8084 | Gauntlet | Found a transporter.
  8090 | Gauntlet | Learned a level 3 spell: Swiftness
  8097 | Gauntlet | Found a transporter.
  8101 | Gauntlet | Found a transporter.
  8115 | Gauntlet | Found a transporter.
  8116 | Gauntlet | Found a transporter.
  8126 | Gauntlet | Found a transporter.
  8141 | Gauntlet | Found a transporter.
  8152 | Gauntlet | Noticed a hell beast
  8155 | Gauntlet | Found a transporter.
  8159 | Gauntlet | Found a transporter.
  8172 | Gauntlet | Found a transporter.
  8176 | Gauntlet | Found a transporter.
  8184 | Gauntlet | Noticed a wizard
  8227 | Gauntlet | Identified the +4 shadow dragon scales of Privacy {rF++
                  | Stlth++++}
  8271 | Gauntlet | Killed from afar by a swamp worm

Illustrated notes

Levels and vault maps discovered:
D:1:      ebering_trefoil_3fold, layout_basic
D:2:      layout_basic, serial_corexii_hall, corexii_hall_statues_l,
          chequers_hall_statues_y, uniq_terence
D:3:      layout_loops_ring, mainiacjoe_overflow_divided_tiny,
          nicolae_ecumenical_oubliette, cheibrodos_sewer_entry_bend,
          supply_closet_lemuel
D:4:      layout_cave_pools, lemuel_tele_altar, mainiacjoe_overflow_24_doors,
          nicolae_gozag_seed_capital
D:5:      layout_loops_ring, serial_shops, shop_statue, uniq_crazy_yiuf_cottage,
          uniq_edmund, uniq_prince_ribbit1
D:6:      layout_basic, nemelex_xobeh_ov_fountains_minmay,
          nicolae_tso_besieged_by_evil, led_xom_imps, temple_doors_e
D:7:      layout_cave_pools, mainiacjoe_overflow_alcove_2,
          nicolae_overflow_crystal_walls
D:8:      layout_rooms, uniq_pikel, uniq_amaemon
D:9:      wander_river, layout_irregular_city, general_overflow_altar,
          david_lair_generic, serial_demonic, serial_demonic_e,
          serial_demonic_a, serial_demonic_a, serial_demonic_c,
          serial_demonic_a, serial_demonic_g, serial_shops, shop,
          fungi_pond_lemuel
Temple:   nicolae_temple_bog_church
Lair:1:   gammafunk_indiana_jones, layout_loops_ring, gauntlet_entry_generic,
          grunt_megastairs_3, serial_bayou_shore_a, uniq_maggie, uniq_sonja,
          uniq_joseph
Gauntlet: minmay_gauntlet_77_indecision [minmay_gauntlet_arena_77_run_for_it,
          minmay_gauntlet_arena_77_box, minmay_gauntlet_arena_77_block_sizes,
          minmay_gauntlet_arena_77_two_paths,
          minmay_gauntlet_arena_77_tiled_triplets,
          minmay_gauntlet_arena_77_two_lines, gauntlet_exit_hidden_loot]

Skill      XL: |  1  2  3  4  5  6  7  8  9 10 11 |
---------------+----------------------------------+-----
Spellcasting   | 5 6 7 8 |  8.1
Invocations    | 1 2 3 4 5 6 |  6.9
Short Blades   | 1 2 3 5 6 |  6.3
Long Blades    | 1 2 3 5 6 |  6.3
Axes           | 1 2 3 5 6 |  6.3
Maces & Flails | 1 2 3 5 6 |  6.3
Staves         | 1 2 3 5 6 |  6.3
Ranged Weapons | 1 2 3 5 6 |  6.3
Stealth        | 1 2 3 5 6 |  6.3
Shields        | 1 2 3 5 6 |  6.3
Unarmed Combat | 1 2 3 5 6 |  6.3
Evocations     | 1 2 3 5 6 |  6.3
Conjurations   | 1 2 3 4 5 |  5.2
Hexes          | 1 2 3 4 5 |  5.2
Summonings     | 1 2 3 4 5 |  5.2
Necromancy     | 1 2 3 4 5 |  5.2
Transmutations | 1 2 3 4 5 |  5.2
Fire Magic     | 1 2 3 4 5 |  5.2
Ice Magic      | 1 2 3 4 5 |  5.2
Air Magic      | 1 2 3 4 5 |  5.2
Earth Magic    | 1 2 3 4 5 |  5.2
Poison Magic   | 1 2 3 4 5 |  5.2
Throwing       | 3 4 5 6 |  6.9
Armour         | 3 4 5 6 |  6.9
Fighting       | 5 6 7 |  7.9
Polearms       | 5 6 7 |  7.9
Dodging        | 5 6 7 |  7.9
Translocations | 6 7 |  7.6

Action                     |  1- 3 |  4- 6 |  7- 9 | 10-12 || total
---------------------------+-------+-------+-------+-------++-------
  Melee: Spear             |   161 |   192 |    55 |       ||   408
         Bite              |     2 |    15 |    19 |    19 ||    55
         Punch             |     1 |     5 |     2 |     3 ||    11
         Headbutt          |       |     6 |    28 |       ||    34
         Quarterstaff      |       |       |   169 |    69 ||   238
         Demon whip        |       |       |       |   118 ||   118
  Throw: Dart              |       |     6 |    67 |    10 ||    83
         Throwing net      |       |       |     2 |       ||     2
   Cast: Teleport Other    |     1 |       |     9 |       ||    10
         Sandblast         |       |    31 |    38 |     8 ||    77
         Blink             |       |     2 |     8 |     6 ||    16
         Vhi's Electric Ch |       |     1 |     6 |     3 ||    10
         Manifold Assault  |       |       |    22 |     7 ||    29
         Stone Arrow       |       |       |       |    15 ||    15
  Evoke: Wand              |       |       |       |     5 ||     5
    Use: Scroll            |     7 |     2 |     5 |    11 ||    25
         Potion            |     1 |     8 |     2 |     1 ||    12
   Stab: Sleeping          |     1 |     4 |     4 |     2 ||    11
         Distracted        |       |       |       |     1 ||     1
 Armour: Leather armour    |    33 |    39 |    37 |       ||   109
         Steam dragon scal |       |       |    28 |    80 ||   108
         Shadow dragon sca |       |       |       |     4 ||     4
  Dodge: Dodged            |    58 |    90 |   134 |   183 ||   465
  Block: Kite shield       |       |       |       |    28 ||    28
         Reflection        |       |       |       |     1 ||     1

Table legend: (Time is in decaauts)
 A = Elapsed time spent in this place.
 B = Non-inter-level travel time spent in this place.
 C = Inter-level travel time spent in this place.
 D = Time resting spent in this place.
 E = Time spent auto-exploring this place.
 F = Levels seen in this place.
 G = Mean time per level.
                   A        B        C        D        E       F      G
               +--------+--------+--------+--------+--------+-----+--------+
         Total |   8399 |   8043 |    356 |    421 |   1286 |  13 |  646.1 |
       Dungeon |   7232 |   6889 |    343 |    421 |   1131 |   9 |  803.6 |
        Temple |    174 |    161 |     13 |      0 |    155 |   1 |  174.0 |
          Lair |     27 |     27 |      0 |      0 |      0 |   1 |   27.0 |
         Sewer |    778 |    778 |      0 |      0 |      0 |   1 |  778.0 |
      Gauntlet |    185 |    185 |      0 |      0 |      0 |   1 |  185.0 |
               +--------+--------+--------+--------+--------+-----+--------+

Top non-repeatable levels by time:
     D:9: 1131 daAuts
     D:3: 973 daAuts
     D:8: 959 daAuts
     D:5: 950 daAuts
     D:6: 917 daAuts
   Sewer: 778 daAuts
     D:2: 644 daAuts
     D:7: 598 daAuts
     D:1: 577 daAuts
     D:4: 479 daAuts
Gauntlet: 185 daAuts
  Temple: 174 daAuts
  Lair:1: 27 daAuts
